 Dungeon Crawl Stone Soup version 0.18.1-8-gdd0e5ea (webtiles) character file.

16996 Nanomashoes the Warrior (level 12, -10/141 HPs)
             Began as an Ogre Berserker on May 23, 2016.
             Was a High Priest of Trog.
             Mangled by an orc warrior
             ... wielding a +0 trident
              (18 damage)
             ... on level 2 of the Orcish Mines.
             The game lasted 00:50:34 (12958 turns).

Nanomashoes the Warrior (Ogre Berserker)           Turns: 12958, Time: 00:50:35

Health: -10/141    AC: 11    Str: 25    XL:     12   Next: 43%
Magic:  4/4        EV: 16    Int:  6    God:    Trog [*****.]
Gold:   700        SH:  0    Dex: 16    Spells: 0 memorised, 11 levels left

rFire  . . .     SeeInvis .     D - +3 dire flail (antimagic)
rCold  . . .     Gourm    .     Q - +2 robe {MR+}
rNeg   . . .     Faith    .     (shield currently unavailable)
rPois  .         Spirit   .     S - +2 hat
rElec  .         Dismiss  .     a - +0 cloak
rCorr  .         Reflect  .     (gloves unavailable)
SustAt .         Harm     .     (boots unavailable)
MR     ++++.                    (no amulet)
Stlth  ++........               O - +3 ring of dexterity
                                e - +3 ring of protection

@: exhausted, about to teleport, regenerating, slowed, drained, very slow,
incredibly resistant to hostile enchantments, unstealthy
A: unfitting armour, tough skin 1
a: Berserk, Trog's Hand, Brothers in Arms, Burn Spellbooks, Renounce Religion


You were on level 2 of the Orcish Mines.
You worshipped Trog.
Trog was extremely pleased with you.
You were hungry.

You visited 2 branches of the dungeon, and saw 12 of its levels.
You also visited: Ossuary.

You collected 1027 gold pieces.
You spent 327 gold pieces at shops.

Inventory:

Hand Weapons
 n - a +2 mace of crushing
 y - a +2 flail of holy wrath
 D - a +3 antimagic dire flail (weapon)
Missiles
 p - 5 large rocks (quivered)
Armour
 a - a +0 cloak (worn)
 b - a +2 robe of fire resistance
 v - a +2 robe of positive energy
 Q - a +2 robe of magic resistance (worn)
 S - a +2 hat (worn)
 Z - a +0 shield
Jewellery
 e - a +3 ring of protection (left hand)
 z - an uncursed ring of resist corrosion
 O - a +3 ring of dexterity (right hand)
Wands
 q - a wand of digging (3/24)
 C - a wand of iceblast (10/15)
 F - a wand of iceblast (6/15)
 U - a wand of confusion (15/48)
Scrolls
 f - 4 scrolls of remove curse {unknown}
 g - a scroll of random uselessness {unknown}
 h - 2 scrolls of magic mapping {unknown}
 i - 3 scrolls of noise
 o - 4 scrolls of amnesia {unknown}
 r - a scroll of fear {unknown}
 A - a scroll of identify
 B - 2 scrolls of immolation {unknown}
 E - 2 scrolls of enchant armour
 G - 2 scrolls of recharging {unknown}
 I - 4 scrolls of teleportation
 J - 2 scrolls of blinking {unknown}
 K - 2 scrolls of fog {unknown}
 N - a scroll of silence {unknown}
 P - a scroll of vulnerability {unknown}
Potions
 j - 3 potions of haste {unknown}
 k - 2 potions of beneficial mutation {unknown}
 m - 3 potions of magic {unknown}
 s - a potion of flight {unknown}
 t - 2 potions of brilliance {unknown}
 u - 2 potions of ambrosia {unknown}
 w - 4 potions of curing
 x - 2 potions of agility {unknown}
 H - 3 potions of lignification {unknown}
 L - a potion of invisibility {unknown}
 M - 3 potions of mutation
 R - a potion of berserk rage {unknown}
 T - a potion of degeneration {unknown}
Comestibles
 c - 2 bread rations
 l - 9 meat rations
 W - 12 fruits
 X - 4 slices of pizza


   Skills:
 - Level 15.0(14.2) Fighting
 - Level 14.5(13.7) Maces & Flails
 + Level 2.9(2.3) Throwing
 + Level 10.2(9.5) Dodging
 - Level 2.9(2.3) Shields


You had 11 spell levels left.
You didn't know any spells.

Dungeon Overview and Level Annotations

Branches:
Dungeon (10/15)            Temple (0/1) D:5             Orc (2/2) D:10
    Elf (0/3) Orc:2
   Lair: D:8-11

Altars:
Cheibriados
Dithmenos
Elyvilon
Gozag
Makhleb
Ru
Xom
Yredelemnul
Zin
The Shining One
Beogh

Shops:
D:6 }   D:7 }   Orc:1 !([*   Orc:2 **


Innate Abilities, Weirdness & Mutations

You are too large for most types of armour.
You have tough skin (AC +1).


Message History

The orc knight barely misses you.
The orc priest looks braver for a moment.
The orc warrior misses you. The orc barely misses you.
Read which item? (? for menu, Esc to quit)
Okay, then.
Read which item? (? for menu, Esc to quit)
As you read the scroll of teleportation, it crumbles to dust.
You feel strangely unstable.
The orc warrior no longer looks unusually strong.
The orc warrior misses you.
The soul eater hits you but does no damage.
The orc knight roars a battlecry!
The orc warrior goes into a battle-frenzy!
The orc knight hits you with a long sword!!
* * * LOW HITPOINT WARNING * * *
The orc warrior hits you from afar with a halberd!!
* * * LOW HITPOINT WARNING * * *
The orc hits you but does no damage.
The orc warrior hits you from afar with a trident!!
You die...

#.........###
##..).##.##
##.[÷####
##...###.##
##....#....## ##
##...........###
##.
##..##....#....#.
##..
##.(###......#....
#...
##@o###...#........
..# 4..##3o##
#....##.....#
.oo..#o#oo##
###...##.#...


.oooo.ooo## #...######.# #.#.#ooo## ##..## ### .....## #...# #.#.o# ##.## .....#
### #∩.∩# You could see an orc knight, a soul eater, 3 orc warriors, an orc
priest and 6 orcs.

Vanquished Creatures
  Gastronok (D:9)
  An ettin (Orc:2)
  The ghost of heiberg the Eclecticist, a journeyman DEWz of Vehumet (Orc:1)
  2 hydras (D:10)
  Erica (D:8)
  An unseen horror (D:10)
  Pikel (D:7)
  A hill giant (D:10)
  An orc sorcerer (Orc:2)
  A cyclops (Orc:1)
  A sixfirhy (Orc:2)
  Maurice (D:9)
  A two-headed ogre (Orc:1)
  Grinder (D:3)
  2 hippogriffs
  Sigmund (D:3)
  5 yaks (D:10)
  A hungry ghost (D:9)
  A warg (Orc:1)
  Edmund (D:4)
  14 orc warriors
  A sky beast (D:5)
  An eye of draining (D:8)
  The ghost of t3njin the Skirmisher, an amateur DrAK of Lugonu (D:3)
  An ice beast (D:5)
  4 ogres
  2 phantoms
  7 centaurs
  A crocodile (D:10)
  3 big kobolds (D:10)
  6 giant frogs
  5 scorpions
  5 killer bees (D:8)
  9 wights
  4 bog bodies (Ossuary)
  4 howler monkeys
  A quasit (D:10)
  7 crimson imps
  4 centaur zombies
  A centaur skeleton (D:10)
  12 orc priests
  4 hounds
  2 jellies
  21 orc wizards
  Ijyb (D:4)
  Terence (D:2)
  Natasha (D:2)
  2 iguanas
  6 worker ants
  A killer bee zombie (Ossuary)
  5 sheep
  11 mummies (Ossuary)
  A hound zombie (Ossuary)
  A howler monkey zombie (Ossuary)
  A worker ant zombie (Ossuary)
  Robin (D:3)
  6 gnolls
  9 adders
  2 shadow imps
  An ooze (D:3)
  An adder skeleton (D:4)
  6 adder zombies
  2 worms
  3 giant geckos
  75 orcs
  7 giant cockroaches
  24 goblins
  8 hobgoblins
  7 jackals
  2 quokkas
  2 ball pythons
  21 bats
  A giant cockroach zombie (Ossuary)
  2 giant gecko zombies
  7 giant newts
  6 kobolds
  2 quokka skeletons
  2 quokka zombies (Ossuary)
  11 rats
  A toadstool (D:1)
386 creatures vanquished.

Vanquished Creatures (collateral kills)
  2 orc warriors (Orc:2)
  2 orc wizards (Orc:2)
  An orc (Orc:2)
5 creatures vanquished.

Vanquished Creatures (others)
  4 slaves (D:7)
  A worker ant (D:7)
  3 toadstools (D:1)
  6 withered plants (Ossuary)
14 creatures vanquished.

Grand Total: 405 creatures vanquished

Notes
Turn   | Place    | Note
--------------------------------------------------------------
     0 | D:1      | Nanomashoes the Ogre Berserker began the quest for the Orb.
     0 | D:1      | Reached XP level 1. HP: 24/24 MP: 1/1
   289 | D:1      | Reached XP level 2. HP: 32/32 MP: 2/2
   691 | D:1      | Reached skill level 5 in Maces & Flails
   924 | D:2      | Reached ** piety under Trog
   979 | D:2      | Reached XP level 3. HP: 27/39 MP: 3/3
  1009 | D:2      | Noticed Terence
  1039 | D:2      | Killed Terence
  1124 | D:2      | Reached XP level 4. HP: 11/48 MP: 4/4
  1653 | D:2      | Noticed Natasha
  1660 | D:2      | Killed Natasha
  1865 | D:3      | Noticed Sigmund
  1880 | D:3      | Killed Sigmund
  1880 | D:3      | Reached XP level 5. HP: 25/54 MP: 5/5
  1880 | D:3      | Reached XP level 6. HP: 29/62 MP: 6/6
  2050 | D:3      | Noticed t3njin's ghost (amateur DrAK)
  2069 | D:3      | Killed t3njin's ghost
  2131 | D:3      | Noticed Grinder
  2142 | D:3      | Killed Grinder
  2142 | D:3      | Reached skill level 10 in Maces & Flails
  2142 | D:3      | Reached XP level 7. HP: 70/70 MP: 7/7
  2660 | D:3      | Noticed Robin
  2670 | D:3      | Reached *** piety under Trog
  2683 | D:3      | Killed Robin
  3298 | D:4      | Noticed Edmund
  3308 | D:4      | Killed Edmund
  3308 | D:4      | Reached XP level 8. HP: 66/78 MP: 8/8
  3756 | D:4      | Reached **** piety under Trog
  3782 | D:4      | Noticed Ijyb
  3856 | D:4      | Found a shadowy altar of Dithmenos.
  4140 | D:4      | Killed Ijyb
  4442 | D:5      | Entered Level 5 of the Dungeon
  4545 | D:5      | Found a snail-covered altar of Cheibriados.
  4966 | D:5      | Reached XP level 9. HP: 82/84 MP: 9/9
  4993 | D:5      | Found a staircase to the Ecumenical Temple.
  5090 | D:5      | Found a glowing golden altar of the Shining One.
  5093 | D:5      | Found a basalt altar of Yredelemnul.
  5096 | D:5      | Found an opulent altar of Gozag.
  5497 | D:6      | Found Hagg's Gadget Boutique.
  6273 | D:7      | Reached skill level 5 in Fighting
  6471 | D:7      | Noticed Pikel
  6476 | D:7      | Killed Pikel
  6476 | D:7      | Reached skill level 7 in Fighting
  6558 | D:7      | Reached skill level 8 in Fighting
  6777 | D:7      | Found a sand-covered staircase.
  6783 | Ossuary  | Entered an ossuary
  6939 | Ossuary  | Reached skill level 9 in Fighting
  6962 | Ossuary  | Reached ***** piety under Trog
  7152 | D:7      | Found Gumav's Gadget Shop.
  7239 | D:7      | Found a white marble altar of Elyvilon.
  7240 | D:7      | Found a glowing silver altar of Zin.
  7916 | D:8      | Reached XP level 10. HP: 88/110 MP: 10/10
  7919 | D:8      | Reached skill level 10 in Fighting
  8286 | D:8      | Reached skill level 5 in Dodging
  8862 | D:8      | Reached skill level 11 in Fighting
  8903 | D:8      | Noticed Erica
  8922 | D:8      | Killed Erica
  9337 | D:9      | Noticed Gastronok
  9362 | D:9      | Killed Gastronok
  9362 | D:9      | Reached skill level 12 in Fighting
  9362 | D:9      | Reached XP level 11. HP: 13/124 MP: 11/11
  9481 | D:9      | Found a sacrificial altar of Ru.
  9709 | D:9      | Noticed Maurice
  9737 | D:9      | Killed Maurice
  9737 | D:9      | Reached skill level 13 in Fighting
  9769 | D:9      | Received a gift from Trog
  9863 | D:9      | Found a burning altar of Makhleb.
  9864 | D:9      | Found a shimmering altar of Xom.
 10056 | D:10     | Entered Level 10 of the Dungeon
 10637 | D:10     | Noticed a two-headed hydra
 10649 | D:10     | Killed a two-headed hydra
 11029 | D:10     | Found a roughly hewn altar of Beogh.
 11116 | D:10     | Found a staircase to the Orcish Mines.
 11273 | D:10     | Reached skill level 14 in Fighting
 11441 | D:10     | Killed an unseen horror
 11441 | D:10     | Reached skill level 1 in Shields
 11548 | D:10     | Noticed a hill giant
 11570 | D:10     | Killed a hill giant
 11614 | D:10     | Noticed a five-headed hydra
 11628 | D:10     | Killed a five-headed hydra
 11907 | Orc:1    | Entered Level 1 of the Orcish Mines
 11907 | Orc:1    | Found Testriuma's General Store.
 11907 | Orc:1    | Found Temoidif's Antique Armour Boutique.
 11925 | Orc:1    | Received a gift from Trog
 11927 | Orc:1    | Reached XP level 12. HP: 140/140 MP: 12/12
 11973 | Orc:1    | Found a roughly hewn altar of Beogh.
 11977 | Orc:1    | Bought a scroll of enchant armour for 127 gold pieces
 11979 | Orc:1    | Found Wukky's Weapon Shoppe.
 12195 | Orc:1    | Found Kioss's Distillery.
 12203 | Orc:1    | Bought a potion of mutation for 40 gold pieces
 12203 | Orc:1    | Bought a potion of heal wounds for 80 gold pieces
 12203 | Orc:1    | Bought a potion of heal wounds for 80 gold pieces
 12213 | Orc:1    | Noticed heiberg's ghost (journeyman DEWz)
 12235 | Orc:1    | Killed heiberg's ghost
 12241 | Orc:1    | Reached skill level 15 in Fighting
 12469 | Orc:2    | Entered Level 2 of the Orcish Mines
 12543 | Orc:2    | Reached skill level 1 in Throwing
 12579 | Orc:2    | Found a staircase to the Elven Halls.
 12641 | Orc:2    | Noticed an ettin
 12653 | Orc:2    | Killed an ettin
 12653 | Orc:2    | Reached skill level 10 in Dodging
 12928 | Orc:2    | Found Wiaxoss's General Store.
 12933 | Orc:2    | Found Zomaid's General Store.
 12933 | Orc:2    | Noticed a soul eater
 12958 | Orc:2    | Mangled by an orc warrior

Skill      XL: |  1  2  3  4  5  6  7  8  9 10 11 12 |
---------------+-------------------------------------+-----
Maces & Flails | 5 6 8 10 12 14 | 14.5
Fighting       | 9 12 14 15 | 15.0
Dodging        | 4 7 9 10 | 10.2
Shields        | 2 |  2.9
Throwing       | 2 |  2.9

Action                   |  1- 3 |  4- 6 |  7- 9 | 10-12 || total
-------------------------+-------+-------+-------+-------++-------
Melee: Mace              |    75 |    92 |   364 |   529 ||  1060
       Flail             |       |       |   107 |    13 ||   120
       Dire flail        |       |       |       |   124 ||   124
Invok: Berserk           |     2 |     4 |     3 |     5 ||    14
       Trog's Hand       |       |       |       |     4 ||     4
       Brothers in Arms  |       |       |       |     2 ||     2
  Use: Scroll            |       |       |     8 |     4 ||    12
       Potion            |       |       |       |     6 ||     6
 Stab: Distracted        |       |       |     1 |     1 ||     2
       Paralysed         |       |       |       |     1 ||     1
       Sleeping          |       |       |       |     1 ||     1
  Eat: Chunk             |     3 |     4 |    16 |    17 ||    40
       Beef jerky        |       |     1 |     2 |       ||     3
       Pizza             |       |       |     1 |     2 ||     3
       Royal jelly       |       |       |     1 |       ||     1
       Bread ration      |       |       |       |     1 ||     1
Armor: Animal skin       |    18 |    21 |       |       ||    39
       Robe              |       |     3 |   100 |   165 ||   268
Dodge: Dodged            |    40 |    46 |   198 |   332 ||   616
Block: Shield            |       |       |       |    75 ||    75
